 Dungeon Crawl Stone Soup version 0.31-a0-1165-g196b491b36 (webtiles) character file.

Game seed: 15226844681970303166

101566 olourkin the Destroyer (level 15, -1/181 HPs)
             Began as a Demonspawn Gladiator on Dec 4, 2023.
             Was the Champion of Okawaru.
             Drowned by a water elemental (4 damage)
             ... led by a merfolk aquamancer
             ... on level 2 of the Shoals on Dec 9, 2023.
             The game lasted 02:37:41 (30799 turns).

olourkin the Destroyer (Demonspawn Gladiator)      Turns: 30799, Time: 02:37:41

Health: -1/181     AC: 19    Str: 14    XL:     15   Next: 83%
Magic:  15/15      EV: 18    Int: 14    God:    Okawaru [******]
Gold:   605        SH:  9    Dex: 18    Spells: 2/14 levels left

rFire   . . .        a - +8 Vampire's Tooth {megavamp}
rCold   . . .        (no shield)
rNeg    . . .        h - +3 troll leather armour
rPois   .            i - +2 hood of the Assassin {Detect Stab+ Stlth++}
rElec   .            Z - +2 cloak
rCorr   .            e - +0 pair of gloves
SInv    .            (boots unavailable)
Will    +....        H - amulet of reflection Stlth
                     I - ring of wizardry
HPRegen 1.30/turn    f - +4 ring of slaying
MPRegen 0.14/turn

%: reflection, wizardry (x1)
@: berserking, engulfed (cannot breathe), slow
A: hooves 3, rugged brown scales 1, icemail 1, condensation shield, demonic
magic 2
a: Renounce Religion, Heroism, Finesse, Duel, Receive Weapon


You were on level 2 of the Shoals.
You worshipped Okawaru.
Okawaru was exalted by your worship.
You visited 6 branches of the dungeon, and saw 24 of its levels.
You also visited: Bailey.

You collected 2345 gold pieces.
You spent 1740 gold pieces at shops.

Inventory:

Hand Weapons
 a - the +8 Vampire's Tooth (weapon) {megavamp}
   (You bought it in a shop on level 2 of the Orcish Mines)
 C - the +4 rapier of Disarray {spect, Dex+3}
   (You found it on level 4 of the Dungeon)

   Dex+3:     It affects your dexterity (+3).
Missiles
 b - 7 atropa-tipped darts
 d - 3 throwing nets
 l - 2 datura-tipped darts
 m - a dart of dispersal
 y - a silver javelin
 B - 32 boomerangs
 E - 18 poisoned darts
 P - 10 javelins
 Q - 9 curare-tipped darts
Armour
 c - a +2 helmet
 e - a +0 pair of gloves (worn)
 h - a +3 troll leather armour (worn)
 i - the +2 hood of the Assassin (worn) {Detect Stab+ Stlth++}
   (Okawaru gifted it to you on level 1 of the Orcish Mines)

   Detect:    It allows the wearer to sense nearby creatures.
   Stab+:     It allows the wearer to make particularly effective stabbing
   attacks against helpless or unaware enemies with any weapon.
   Stlth++:   It makes you much more stealthy.
 X - a +0 buckler
 Z - a +2 cloak (worn)
Jewellery
 f - a +4 ring of slaying (right hand)
 j - a ring of protection from cold
 r - a ring of willpower
 t - a ring of see invisible
 z - a +6 ring of strength
 H - an amulet of reflection (around neck)
 I - a ring of wizardry (left hand)
 K - a ring of flight
 U - a ring of ice
Wands
 p - a wand of acid (10)
 u - a wand of polymorph (13)
 D - a wand of flame (17)
 O - a wand of mindburst (26)
 S - a wand of charming (13)
Scrolls
 k - 2 scrolls of immolation {!r}
 n - a scroll of fear
 v - 3 scrolls of teleportation
 F - 5 scrolls of identify
 T - a scroll of blinking
 V - 2 scrolls of enchant weapon
 Y - a scroll of revelation
Potions
 g - a potion of magic
 o - 2 potions of cancellation
 q - a potion of brilliance
 s - 6 potions of ambrosia {!e}
 x - 3 potions of curing
 A - 2 potions of berserk rage
 J - a potion of haste
 L - 7 potions of enlightenment
 R - 4 potions of might


   Skills:
 - Level 11.1 Fighting
 + Level 10.8 Short Blades
 - Level 2.6 Axes
 - Level 5.0 Throwing
 + Level 11.2 Armour
 - Level 10.9 Dodging
 + Level 11.0 Stealth
 + Level 12.8 Conjurations
 + Level 4.5 Hexes


You had 2 spell levels left.
You knew the following spells:

 Your Spells              Type           Power      Damage    Failure   Level
a - Magic Dart            Conj           100%       1d8       1%          1
u - Jinxbite              Hex            24%        N/A       3%          2
x - Searing Ray           Conj           70%        2d7       1%          2
y - Dazzling Flash        Conj/Hex       48%        N/A       1%          3
X - Fulminant Prism       Conj/Hex       12%        3d9       4%          4

Your spell library contained the following spells:

 Spells                   Type           Power      Damage    Failure   Level
 Shock                    Conj/Air       68%        1d7       1%          1
 Apportation              Tloc           0%         N/A       14%         1
 Sting                    Tmut/Pois      0%         1d3       14%         1
 Cigotuvi's Dreadful Rot  Necr/Pois/Air  0%         N/A       21%         2
 Poisonous Vapours        Pois/Air       0%         N/A       21%         2
 Sublimation of Blood     Necr           0%         N/A       21%         2
 Inner Flame              Hex/Fire       6%         N/A       16%         3
 Arcjolt                  Conj/Air       8%         1d18      26%         5
 Irradiate                Conj/Tmut      8%         3d14      26%         5
 Ignite Poison            Fire/Tmut/Pois 0%         N/A       38%         3
 Swiftness                Air            0%         N/A       38%         3
 Volatile Blastmotes      Fire/Tloc      0%         2d10      38%         3
 Leda's Liquefaction      Hex/Erth       3%         N/A       45%         4
 Freezing Cloud           Conj/Ice/Air   5%         6-21      52%         5
 Airstrike                Air            0%         2d(0-16)  77%         4
 Olgreb's Toxic Radiance  Pois           0%         N/A       77%         4
 Passage of Golubria      Tloc           0%         N/A       77%         4
 Petrify                  Tmut/Erth      0%         N/A       77%         4
 Silence                  Hex/Air        3%         N/A       80%         5
 Yara's Violent Unravell  Hex/Tmut       3%         3d4       80%         5
 Bombard                  Conj/Erth      8%         9d2       80%         6
 Starburst                Conj/Fire      8%         6d4       80%         6
 Alistair's Intoxication  Tmut/Pois      0%         N/A       97%         5
 Lee's Rapid Deconstruct  Erth           0%         3d4*      97%         5
 Enfeeble                 Hex            6%         N/A       100%        7
 Lehudib's Crystal Spear  Conj/Erth      8%         10d4      100%        8
 Maxwell's Capacitive Co  Air            0%         ∞         100%        8
 Animate Armour           Summ/Erth      Unusable   N/A       N/A         4
 Summon Lightning Spire   Summ/Air       Unusable   N/A       N/A         4

Dungeon Overview and Level Annotations

Branches:
Dungeon (12/15)            Temple (1/1) D:4            Lair (5/5) D:8
 Shoals (2/4) Lair:3       Spider (2/4) Lair:3          Orc (2/2) D:9
    Elf (0/3) Orc:2        Bailey (visited)
  Slime: Lair:4-5

Altars:
Ashenzari
Cheibriados
Dithmenos
Fedhas
Gozag
Hepliaklqana
Kikubaaqudgha
Makhleb
Nemelex Xobeh
Okawaru
Qazlal
Ru
Sif Muna
Trog
Uskayaw
Vehumet
Wu Jian
Xom
Yredelemnul
Jiyva

Shops:
D:2 *   D:3 :   D:4 *   D:5 *:   Orc:2 !*=(

Annotations:
D:8 2 runed translucent doors
D:10 4 runed translucent doors
D:11 1 runed translucent door
Lair:1 3 runed translucent doors, exclusion: 3 oklob plants, Smoke131's ghost, journeyman OgGl
Lair:2 2 transporters, croobank's ghost, journeyman DrSh
Lair:4 exclusion: oklob plant
Shoals:2 Mlioglotl
Spider:2 exclusion: 2 ice statues


Innate Abilities, Weirdness & Mutations

You have hooves in place of feet.
You are partially covered in rugged brown scales. (AC +1, +3% HP)
A meltable icy envelope protects you from harm. (AC +4)
A meltable shield of frost defends you. (SH +4)
Spells you cast may paralyse nearby enemies.


Message History

* * * LOW HITPOINT WARNING * * *
The white imp shouts, "Quit, thou pottle-deep dread-bolted barnacle!"
You hear a shout!
You hear a screech!
You hear an angry hiss.
Press: ? - help, v - describe, . - travel
Here: Mlioglotl (strong)
A stone staircase leading up, spattered with blood.
There are monsters nearby!
Press: ? - help, v - describe, . - travel Some shallow water, summoned.
Unknown command.
You cannot read scrolls while unable to breathe!
Unknown command.
A red film seems to cover your vision as you go berserk!
You feel yourself moving faster!
You feel mighty!
* * * LOW HITPOINT WARNING * * *
Your lungs strain for air!
The thrashing horror tramples you but does no damage.
You block the thrashing horror's attack.
The thrashing horror tramples you but does no damage.
The thrashing horror closely misses you.
A water nymph comes into view.
Mlioglotl completely misses you. Mlioglotl tramples you!
* * * LOW HITPOINT WARNING * * *
You hold your ground!
A starcursed mass splits.
A deafening chorus of shrieks assaults your mind!
* * * LOW HITPOINT WARNING * * *
The thrashing horror tramples you.
* * * LOW HITPOINT WARNING * * *
You hold your ground!
The thrashing horror tramples you but does no damage.
The water elemental completely misses you.
The merfolk aquamancer casts a spell at you.
The torrent of water passes through the water elemental.
The torrent of water misses you.
The torrent of water hits the thrashing horror!!
The wave splashes down.
You hear a shout!
You hear a screech!
You hear a shout!
Unknown command.
Your unstable footing causes you to fumble your attack.
You die...

≈≈≈≈≈≈≈~~~...~.. .
≈≈≈≈≈≈≈~~~~.m### /.
≈≈≈≈≈≈~~XX~..###...
≈≈~~~~~~~X.~~.....#
~~~~~~~{X..~.......
~~~~~~Z{...5#......
~~~...~#xX~#......!
~....5X#XW.#.......
...###X@Em....~~~~~
. ####..##...~~.
#### ..~.~~ (..~~~
{ ..~~~ .~~~~


You could see 4 starcursed masses, Mlioglotl (strong), a merfolk aquamancer, 2
thrashing horrors, a large abomination (summoned), a water elemental, a water
nymph, a wraith (summoned), a small abomination (summoned), an iron imp
(summoned), a white imp (summoned) and a shadow dragon simulacrum (summoned).

Vanquished Creatures
  A ghost moth (Spider:2)
  3 spark wasps (Spider:1)
  An ettin (Orc:1)
  An entropy weaver (Spider:2)
  A hydra (Lair:5)
  2 ogre magi (Orc:2)
  A radroach (Lair:3)
  A jorogumo (Lair:3)
  2 merfolk avatars (Shoals:1)
  A death yak (Lair:1)
  12 two-headed ogres
  4 merfolk aquamancers (Shoals:1)
  A boulder beetle (Lair:5)
  Urug (Lair:2)
  An orc high priest (D:9)
  A demonic crawler (Spider:2)
  Sonja (D:11)
  Amaemon (Lair:2)
  Nergalle (D:9)
  3 skysharks
  A sun moth (Spider:1)
  6 orb spiders
  A pharaoh ant (Spider:2)
  2 sea snakes (Shoals:1)
  2 deep trolls
  5 harpies (Shoals:1)
  5 steelbarb worms
  An orc knight (Bailey)
  A faun (Shoals:1)
  An ugly thing (D:10)
  An orc sorcerer (Orc:1)
  5 wolf spiders
  A moth of wrath (Spider:2)
  A manticore (Lair:3)
  4 cyclopes
  Maurice (D:10)
  9 elephants
  2 torpor snails
  3 black mambas
  4 water nymphs (Shoals:1)
  A gargoyle (D:10)
  2 merfolk sirens (Shoals:1)
  An orange demon (Lair:2)
  12 cane toads
  An unseen horror (D:11)
  An unseen horror zombie (D:9)
  6 komodo dragons
  5 rime drakes
  6 merfolk (Shoals:1)
  8 trolls
  A queen bee (Lair:2)
  2 wind drakes
  13 hornets
  7 tarantellas (Spider:2)
  9 polar bears
  A glass eye (Lair:1)
  20 blink frogs
  A dream sheep (Lair:5)
  2 snapping turtles (Shoals:1)
  7 culicivoras
  7 jumping spiders
  13 spriggans (Lair:5)
  A vampire (D:11)
  A wraith (D:9)
  3 water elementals (Shoals:1)
  A shadow (D:10)
  49 yaks
  7 wyverns
  4 hogs (Shoals:1)
  4 basilisks
  27 redbacks
  A steam dragon (D:7)
  4 vampire mosquitoes (D:11)
  5 wargs
  An acid dragon (D:11)
  17 water moccasins
  Duvessa (D:5)
  8 black bears
  2 ice beasts
  2 sky beasts
  25 orc warriors
  21 ogres
  3 boggarts (Lair:5)
  28 wolves
  4 centaurs
  A kobold brigand (D:9)
  10 bullfrogs
  A gnoll sergeant (D:10)
  4 scorpions
  A wyvern zombie (D:9)
  11 wights
  Dowan (D:5)
  32 killer bees
  3 howler monkeys
  2 electric eels (D:6)
  5 hounds (D:5)
  13 orc priests
  Crazy Yiuf (D:3)
  3 jellies (D:5)
  An iguana (D:8)
  2 sleepcaps
  Ijyb (D:3)
  20 orc wizards
  Terence (D:3)
  Robin (D:2)
  12 gnolls
  10 adders
  A shadow imp (D:7)
  2 white imps (D:6)
  4 worms
  2 dart slugs
  70 orcs
  13 bats
  9 endoplasms
  3 giant cockroaches
  15 goblins
  9 hobgoblins
  2 jackals (D:3)
  20 kobolds
  3 quokkas
  4 ball pythons (D:1)
  5 frilled lizards
  A rat (D:3)
740 creatures vanquished.

Vanquished Creatures (others)
  A jumping spider (Spider:2)
1 creature vanquished.

Grand Total: 741 creatures vanquished

Notes
Turn   | Place    | Note
-------+----------+-------------------------------------------
     0 | D:1      | olourkin the Demonspawn Gladiator began the quest for the
                  | Orb.
     0 | D:1      | Reached XP level 1. HP: 16/16 MP: 1/1
   194 | D:1      | Gained mutation: A meltable shield of frost defends you.
                  | (SH +4) [demonic ancestry]
   194 | D:1      | Reached XP level 2. HP: 22/22 MP: 2/2
   221 | D:1      | Got the Thoughts on the Mutagenic Brume
   372 | D:1      | Reached skill level 1 in Armour
   778 | D:2      | Gained mutation: You have large cloven feet. [demonic
                  | ancestry]
   778 | D:2      | Reached XP level 3. HP: 28/28 MP: 3/3
   892 | D:2      | Found Befaeqez's Assorted Antiques.
   966 | D:2      | Found a sacrificial altar of Ru.
  1194 | D:2      | Noticed Robin
  1202 | D:2      | Gained mutation: You have hoof-like feet. [demonic
                  | ancestry]
  1202 | D:2      | Reached XP level 4. HP: 35/35 MP: 4/4
  1211 | D:2      | Killed Robin
  1707 | D:3      | Found Caebuunn's Book Boutique.
  1808 | D:3      | Noticed Ijyb
  1819 | D:3      | Killed Ijyb
  1895 | D:3      | Reached XP level 5. HP: 41/41 MP: 5/5
  2031 | D:3      | Noticed Terence
  2047 | D:3      | Killed Terence
  2799 | D:3      | Found a runed translucent door.
  2800 | D:3      | Noticed Crazy Yiuf
  2807 | D:3      | Killed Crazy Yiuf
  2942 | D:4      | Found a staircase to the Ecumenical Temple.
  3000 | Temple   | Entered the Ecumenical Temple
  3020 | Temple   | Became a worshipper of Warmaster Okawaru
  3114 | D:4      | Identified the +4 rapier of Disarray {spect, Dex+3}
  3185 | D:4      | Gained mutation: You have hooves in place of feet. [demonic
                  | ancestry]
  3185 | D:4      | Reached XP level 6. HP: 48/48 MP: 6/6
  3405 | D:4      | Found Ecsison's General Store.
  4427 | D:5      | Entered Level 5 of the Dungeon
  4427 | D:5      | Found Qack's Tiny Tomes.
  4458 | D:5      | Reached * piety under Okawaru
  4459 | D:5      | Reached XP level 7. HP: 55/55 MP: 7/7
  4551 | D:5      | Reached skill level 5 in Fighting
  4660 | D:5      | Reached skill level 5 in Dodging
  4803 | D:5      | Gained mutation: A meltable icy envelope protects you from
                  | harm. (AC +4) [demonic ancestry]
  4803 | D:5      | Reached XP level 8. HP: 51/64 MP: 8/8
  4853 | D:5      | Reached ** piety under Okawaru
  4908 | D:5      | Noticed Duvessa
  4925 | D:5      | Killed Duvessa
  4925 | D:5      | Noticed Dowan
  4931 | D:5      | Killed Dowan
  4932 | D:5      | Reached skill level 5 in Armour
  4985 | D:5      | Found Epanea's Assorted Antiques.
  5040 | D:5      | Found a glowing drain.
  6345 | D:6      | Found a sacrificial altar of Ru.
  6347 | D:6      | Found a shimmering altar of Xom.
  6347 | D:6      | Found a shadowy altar of Dithmenos.
  6349 | D:6      | Found a sparkling altar of Nemelex Xobeh.
  6349 | D:6      | Found a snail-covered altar of Cheibriados.
  6349 | D:6      | Found a snail-covered altar of Cheibriados.
  6642 | D:6      | Gained mutation: Spells you cast may paralyse adjacent
                  | enemies. [demonic ancestry]
  6642 | D:6      | Reached XP level 9. HP: 38/72 MP: 9/9
  6827 | D:6      | Learned a level 1 spell: Magic Dart
  7114 | D:7      | Reached *** piety under Okawaru
  7173 | D:6      | Reached skill level 1 in Conjurations
  7504 | D:7      | Reached skill level 2 in Conjurations
  7764 | D:7      | Reached **** piety under Okawaru
  7765 | D:7      | Reached skill level 3 in Conjurations
  8414 | D:8      | Found a flagged portal.
  8441 | D:8      | Reached XP level 10. HP: 80/82 MP: 10/10
  8449 | Bailey   | Entered a bailey
  8681 | Bailey   | Noticed an orc knight
  8691 | Bailey   | Killed an orc knight
  8692 | Bailey   | Reached skill level 4 in Conjurations
  9193 | D:8      | Found a staircase to the Lair.
  9387 | D:8      | Found a large runed translucent door.
  9387 | D:8      | Found a large runed translucent door.
  9447 | D:8      | Reached ***** piety under Okawaru
 10344 | D:9      | Learned a level 3 spell: Dazzling Flash
 10366 | D:9      | Found a blossoming altar of Fedhas.
 10368 | D:9      | Reached skill level 5 in Conjurations
 11141 | D:9      | Found a basalt altar of Yredelemnul.
 11688 | D:10     | Entered Level 10 of the Dungeon
 11763 | D:9      | Found a staircase to the Orcish Mines.
 11782 | Orc:1    | Entered Level 1 of the Orcish Mines
 11782 | Orc:1    | Noticed an orc high priest
 11910 | D:10     | Noticed a two-headed ogre
 12019 | D:10     | Noticed Nergalle
 12027 | D:9      | Reached XP level 11. HP: 42/89 MP: 11/11
 12260 | D:10     | a two-headed ogre changed into an elephant
 12273 | D:9      | Reached skill level 6 in Conjurations
 12307 | D:9      | Noticed a spectral orc warlord
 12315 | D:9      | Killed Nergalle
 12315 | D:9      | Received a gift from Okawaru
 12568 | D:10     | Found a burning altar of Makhleb.
 12568 | D:10     | Noticed a two-headed ogre
 12576 | D:10     | Killed a two-headed ogre
 12577 | D:10     | Reached skill level 10 in Fighting
 12674 | D:10     | Found a large runed translucent door.
 12675 | D:10     | Identified the amulet of Udoypuar {Reflect Int+3 SH+5}
 12675 | D:10     | Noticed an ogre mage
 12676 | D:10     | Found a large runed translucent door.
 12759 | D:10     | Noticed a green ugly thing
 12934 | D:10     | Killed a green ugly thing
 13073 | D:10     | Noticed Maurice
 13092 | D:10     | Maurice stole a ring of protection from cold
 13094 | D:10     | Maurice stole a +3 quarterstaff of chaos
 13097 | D:10     | Killed Maurice
 13189 | D:10     | Found a large runed translucent door.
 13189 | D:10     | Found a large runed translucent door.
 13230 | D:10     | Reached skill level 7 in Conjurations
 13315 | D:10     | Noticed a two-headed ogre
 13325 | D:10     | Reached skill level 1 in Short Blades
 13332 | D:10     | Killed a two-headed ogre
 13855 | D:11     | Received a gift from Okawaru
 13966 | D:11     | Found a burning altar of Makhleb.
 13986 | D:11     | Reached skill level 10 in Dodging
 14013 | D:11     | Noticed a two-headed ogre
 14030 | D:11     | Killed a two-headed ogre
 14031 | D:11     | Gained mutation: Spells you cast may paralyse nearby
                  | enemies. [demonic ancestry]
 14031 | D:11     | Reached XP level 12. HP: 80/97 MP: 9/12
 14073 | D:11     | Learned a level 4 spell: Fulminant Prism
 14117 | D:11     | Found a runed translucent door.
 14117 | D:11     | Noticed a storm dragon
 14117 | D:11     | Noticed a yaktaur captain
 14124 | D:11     | Noticed an orc warlord
 14124 | D:11     | Noticed an ettin
 14197 | D:11     | Noticed Sonja
 14206 | D:11     | Killed Sonja
 14407 | D:12     | Noticed a five-headed hydra
 14407 | D:12     | Noticed a great orb of eyes
 14407 | D:12     | Noticed a centaur warrior
 14488 | Lair:1   | Entered Level 1 of the Lair of Beasts
 14522 | Lair:1   | Noticed a minotaur
 14523 | Lair:1   | Noticed Smoke131's ghost (journeyman OgGl)
 14559 | Lair:1   | Reached skill level 8 in Conjurations
 14642 | Lair:1   | Reached skill level 1 in Stealth
 14927 | Lair:1   | Found a runed translucent gate.
 14928 | Lair:1   | Found a runed translucent gate.
 14929 | Lair:1   | Found a runed translucent gate.
 15255 | Lair:1   | Received a gift from Okawaru
 16454 | Lair:1   | Reached skill level 5 in Short Blades
 16454 | Lair:1   | Reached skill level 9 in Conjurations
 16702 | Lair:2   | Noticed a death yak
 16711 | Lair:2   | Noticed a death yak
 16712 | Lair:2   | Noticed a death yak
 16740 | Lair:2   | Noticed a death yak
 16898 | Lair:2   | Noticed Urug
 16938 | Lair:2   | Killed Urug
 17108 | Lair:2   | Noticed Amaemon
 17126 | Lair:2   | Learned a level 2 spell: Searing Ray
 17142 | Lair:2   | Found a transporter.
 17159 | Lair:2   | Noticed croobank's ghost (journeyman DrSh)
 17166 | Lair:2   | Received a gift from Okawaru
 17221 | Lair:2   | Killed Amaemon
 17666 | Lair:1   | Killed a death yak
 17667 | Lair:1   | Reached skill level 5 in Stealth
 17781 | Lair:2   | Found a transporter.
 18594 | Lair:3   | Reached XP level 13. HP: 95/103 MP: 13/13
 18625 | Lair:3   | Reached ****** piety under Okawaru
 18797 | Lair:3   | Reached skill level 10 in Conjurations
 18858 | Lair:3   | Found a hole to the Spider Nest.
 19275 | Lair:3   | Found a staircase to the Shoals.
 19292 | Lair:3   | Received a gift from Okawaru
 19627 | Lair:3   | Found a shadowy altar of Dithmenos.
 20621 | Lair:4   | Received a gift from Okawaru
 20627 | Lair:4   | Reached skill level 11 in Conjurations
 20770 | Lair:4   | Identified the +0 chain mail "Jingifib" {rC+ Will- rCorr}
 21270 | Lair:4   | Paralysed by a hornet for 3 turns
 21404 | Lair:4   | Found a viscous altar of Jiyva.
 21805 | Lair:5   | Entered Level 5 of the Lair of Beasts
 21958 | Lair:5   | Received a gift from Okawaru
 22403 | Lair:5   | Gained mutation: You are partially covered in rugged brown
                  | scales. (AC +1, +3% HP) [demonic ancestry]
 22403 | Lair:5   | Reached XP level 14. HP: 103/113 MP: 14/14
 22787 | Lair:5   | Received a gift from Okawaru
 22904 | Lair:5   | Reached skill level 12 in Conjurations
 24061 | D:9      | Received a gift from Okawaru
 24589 | Orc:1    | Paralysed by an orc sorcerer for 2 turns
 24698 | Orc:2    | Entered Level 2 of the Orcish Mines
 25026 | Orc:2    | Reached skill level 10 in Armour
 25238 | Orc:1    | Acquired the +2 hood of the Assassin {Detect Stab+ Stlth++}
 25238 | Orc:1    | Received a gift from Okawaru
 25238 | Orc:1    | Found the +2 hood of the Assassin {Detect Stab+ Stlth++}
 25268 | Orc:1    | Received a gift from Okawaru
 25589 | Orc:2    | Found a staircase to the Elven Halls.
 25616 | Orc:2    | Found Sinuicurph's Antique Weapon Boutique.
 25618 | Orc:2    | Found Hyexuettyf's General Store.
 25618 | Orc:2    | Found Uwix's Jewellery Emporium.
 25663 | Orc:2    | Found Jessycw's Distillery.
 26092 | Orc:2    | Bought the +8 Vampire's Tooth {megavamp} for 1740 gold
                  | pieces
 26092 | Orc:2    | Found the +8 Vampire's Tooth {megavamp}
 26244 | Spider:1 | Entered Level 1 of the Spider Nest
 26317 | Lair:3   | Received a gift from Okawaru
 26545 | Lair:3   | Reached skill level 10 in Stealth
 26616 | Lair:3   | Learned a level 2 spell: Jinxbite
 26644 | Spider:1 | Reached XP level 15. HP: 120/120 MP: 15/15
 26692 | Spider:1 | Reached skill level 5 in Throwing
 26717 | Spider:1 | Reached skill level 10 in Short Blades
 26732 | Spider:1 | Reached skill level 1 in Hexes
 27294 | Spider:1 | Upgraded the game from 0.31-a0-1074-g0b22e4e0f1 to
                  | 0.31-a0-1163-gcee99d1eea
 27731 | Spider:2 | Upgraded the game from 0.31-a0-1163-gcee99d1eea to
                  | 0.31-a0-1165-g196b491b36
 28055 | Spider:1 | Received a gift from Okawaru
 29163 | Shoals:1 | Entered Level 1 of the Shoals
 30159 | Shoals:1 | Received a gift from Okawaru
 30249 | Shoals:1 | Noticed a kraken
 30410 | Shoals:1 | Noticed a kraken
 30678 | Shoals:1 | Noticed a kraken
 30775 | Shoals:2 | Noticed Mlioglotl
 30798 | Shoals:2 | HP: 9/181 [Mlioglotl (7)]
 30798 | Shoals:2 | HP: 4/181 [starcursed mass/accursed screaming[Mlioglotl]
                  | (5)]
 30799 | Shoals:2 | Drowned by a water elemental

Illustrated notes

Levels and vault maps discovered:
D:1:      dpeg_arrival_rooms_b, layout_loops_ring, minmay_misc_feat_rows
D:2:      layout_loops_corners, serial_shops, nicolae_shop_overgrown_old_shop,
          basic_altar, uniq_robin
D:3:      layout_basic, serial_shops, nicolae_shop_tiny_real_fake_doors,
          uniq_ijyb, uniq_crazy_yiuf_cottage, uniq_terence
D:4:      layout_basic, temple_pool_b, serial_shops, nicolae_shop_statue_plus,
          serial_park_tiny_pond
D:5:      layout_gridville, serial_shops, shop, gup_sewer_entry_bubbles,
          nicolae_shop_i_like_small_books_too, st_stairs_5, minmay_door_square,
          uniq_duvessa
D:6:      layout_loops_ring, lemuel_crystal_altar, doesnt_xom_only_xom,
          corexii_checkpoint, chequers_big_river, roderic_batcave
D:7:      layout_loops_ring, minmay_gold_behind_fungi
D:8:      layout_loops_ring, jmf_multi_god_temple2, david_lair_shrubbed,
          enter_bailey_2, grunt_decor_clamped, minmay_splitting_lines
D:9:      layout_roguey, mainiacjoe_overflow_surrounded_room,
          lemuel_zombie_altar_yredelemnul, david_orc_5
D:10:     layout_rooms, lightli_temple_of_fire, minmay_hollow_rounded_squares,
          uniq_nergalle, uniq_maurice
D:11:     minmay_gate_of_8, layout_basic, minmay_misc_feat_encased,
          nicolae_concentric_dashed_squares_wild, bloody_makhleb, uniq_sonja
D:12:     minmay_ambush_box, layout_loops_ring, serial_ice, serial_ice_m,
          serial_ice_n, serial_ice_g, serial_ice_j, serial_ice_a, serial_ice_o
Temple:   eino_wide_crystal_templ
Lair:1:   layout_gridlike, maelrawn_ghost_gauntlet_escape,
          chequers_serial_rivers_small_b, st_stairs_3, disabler_island,
          infiniplex_staircase_pool_2
Lair:2:   layout_cellular_growth, special_room [special_room_bee],
          gammafunk_ghost_berserking_beasts, minmay_stone_trees_large,
          chequers_serial_rivers_small_b, uniq_urug, uniq_amaemon
Lair:3:   layout_regular_city, minmay_shoals_entry_beasts,
          hellmonk_spider_entry_life_and_decay, basic_altar
Lair:4:   layout_small_grid, minmay_slime_entry_oklob_enclosed,
          dreamdust_wasp_nest, grunt_megastairs_5
Lair:5:   minmay_lair_end_enchanted_forest, layout_regular_city,
          fungi_pond_lemuel
Shoals:1: nicolae_shoals_lighthouse, layout_shoals, nicolae_splish_splash
Shoals:2: layout_shoals, st_sunken_huts, uniq_kirke, uniq_mlioglotl
Spider:1: layout_spider_delve, nicolae_spider_bzzzt
Spider:2: layout_spider_delve, portal_ice_cave_entry_ice_statue_two,
          special_room, drop_trap
Orc:1:    layout_caves, serial_shops, nicolae_shop_peninsula
Orc:2:    st_orc_open, layout_caves

Skill      XL: |  1  2  3  4  5  6  7  8  9 10 11 12 13 14 15 |
---------------+----------------------------------------------+-----
Dodging        | 3 4 5 6 7 8 10 | 10.9
Armour         | 1 2 3 4 6 7 8 9 10 11 | 11.2
Fighting       | 3 4 5 7 8 9 10 11 | 11.1
Conjurations   | 3 5 7 9 11 12 | 12.8
Short Blades   | 3 6 8 9 10 | 10.8
Stealth        | 5 8 10 11 | 11.0
Throwing       | 4 5 |  5.0
Hexes          | 4 |  4.5
Axes           | |  2.6

Action                     |  1- 3 |  4- 6 |  7- 9 | 10-12 | 13-15 || total
---------------------------+-------+-------+-------+-------+-------++-------
  Melee: War axe           |    87 |    75 |       |       |       ||   162
         Kick              |     7 |    44 |   121 |   384 |   530 ||  1086
         Punch             |       |     2 |     6 |     9 |    22 ||    39
         Quarterstaff      |       |    52 |       |       |       ||    52
         Rapier            |       |    11 |   289 |   281 |       ||   581
         Dagger            |       |       |       |   663 |   741 ||  1404
         Quick blade       |       |       |       |       |   662 ||   662
  Throw: Stone             |     4 |       |     1 |       |       ||     5
         Throwing net      |       |     1 |       |       |       ||     1
         Dart              |       |       |     7 |    25 |       ||    32
         Javelin           |       |       |     1 |       |     6 ||     7
   Cast: Magic Dart        |       |       |       |   112 |   341 ||   453
         Searing Ray       |       |       |       |       |     9 ||     9
         Dazzling Flash    |       |       |       |       |     5 ||     5
         Jinxbite          |       |       |       |       |     5 ||     5
 Invoke: Heroism           |       |       |       |     4 |     2 ||     6
         Receive Armour    |       |       |       |       |     1 ||     1
  Evoke: Wand              |       |       |       |     6 |       ||     6
    Use: Scroll            |       |     9 |     4 |    15 |     4 ||    32
         Potion            |       |       |     1 |     3 |     8 ||    12
   Stab: Distracted        |       |       |     3 |     2 |     1 ||     6
         Paralysed         |       |       |       |    53 |   125 ||   178
         Sleeping          |       |       |       |     4 |    20 ||    24
         Invisible         |       |       |       |       |     1 ||     1
 Armour: Leather armour    |    15 |       |       |       |       ||    15
         Chain mail        |    44 |    86 |   245 |   206 |       ||   581
         Troll leather arm |       |       |       |   233 |   573 ||   806
  Dodge: Dodged            |    42 |    54 |   125 |   464 |   618 ||  1303
  Block: Other             |     8 |    20 |    72 |   310 |   316 ||   726
         Reflection        |       |       |       |    14 |     7 ||    21

Table legend: (Time is in decaauts)
 A = Elapsed time spent in this place.
 B = Non-inter-level travel time spent in this place.
 C = Inter-level travel time spent in this place.
 D = Time resting spent in this place.
 E = Time spent auto-exploring this place.
 F = Levels seen in this place.
 G = Mean time per level.
                   A        B        C        D        E       F      G
               +--------+--------+--------+--------+--------+-----+--------+
         Total |  30327 |  28415 |   1912 |   8039 |  13571 |  25 | 1213.1 |
       Dungeon |  14318 |  13394 |    924 |   3087 |   7560 |  12 | 1193.2 |
        Temple |     40 |      2 |     38 |      0 |      0 |   1 |   40.0 |
          Lair |   9628 |   8978 |    650 |   2689 |   4184 |   5 | 1925.6 |
        Shoals |   1612 |   1476 |    136 |    343 |    546 |   2 |  806.0 |
   Spider Nest |   2263 |   2211 |     52 |   1017 |    533 |   2 | 1131.5 |
  Orcish Mines |   1771 |   1661 |    110 |    702 |    566 |   2 |  885.5 |
        Bailey |    692 |    692 |      0 |    200 |    180 |   1 |  692.0 |
               +--------+--------+--------+--------+--------+-----+--------+

Top non-repeatable levels by time:
     D:9: 2600 daAuts
  Lair:3: 2395 daAuts
  Lair:1: 2116 daAuts
  Lair:2: 1862 daAuts
  Lair:5: 1811 daAuts
     D:6: 1805 daAuts
Shoals:1: 1587 daAuts
     D:4: 1459 daAuts
  Lair:4: 1442 daAuts
Spider:1: 1287 daAuts
    D:10: 1206 daAuts
     D:3: 1200 daAuts
     D:5: 1158 daAuts
     D:8: 1152 daAuts
     D:7: 1124 daAuts
